 Dungeon Crawl Stone Soup version 0.31-a0-152-g6aa68a64a1 (webtiles) character file.

Game seed: 5076003673127706737

18 qw the Shooter (level 2, 0/17 HPs)
             Began as a Gargoyle Hunter on June 10, 2023.
             Frozen to death by an endoplasm (2 damage)
             ... on level 1 of the Dungeon.
             The game lasted 00:00:14 (424 turns).

qw the Shooter (Gargoyle Hunter)                     Turns: 424, Time: 00:00:14

Health: 0/17       AC:  5    Str: 14    XL:     2   Next: 66%
Magic:  2/2        EV: 11    Int:  9    God:
Gold:   73         SH:  0    Dex: 13    Spells: 1/1 levels left

rFire   . . .        a - +0 shortbow
rCold   . . .        (shield currently unavailable)
rNeg    + . .        c - +0 leather armour
rPois   inf          (no helmet)
rElec   +            (no cloak)
rCorr   .            (no gloves)
SInv    .            (no boots)
Will    .....        (no amulet)
Stlth   +            (no ring)
HPRegen 0.22/turn    (no ring)
MPRegen 0.08/turn

%: no passive effects
@: no status effects
A: sickness immunity, AC +2, negative energy resistance 1, electricity
resistance, torment resistance 1, petrification resistance
a: no special abilities


You were on level 1 of the Dungeon.
You visited 1 branch of the dungeon, and saw 1 of its levels.

You collected 73 gold pieces.


Innate Abilities, Weirdness & Mutations

You are immune to sickness and miasma.
Your stone body is resilient. (AC +2)
You are immune to poison.
You resist negative energy. (rN+)
You are resistant to electric shocks. (rElec)
You are resistant to unholy torment.
You are immune to petrification.


   Skills:
 - Level 2.1 Fighting
 + Level 4.7 Ranged Weapons
 - Level 1.5 Dodging
 - Level 1.1 Stealth


You had one spell level left.
You didn't know any spells.
Your spell library was empty.

Inventory:

Hand Weapons
 a - a +0 shortbow (weapon)
Armour
 c - a +0 leather armour (worn)
Scrolls
 b - a scroll of butterflies
 d - a scroll of vulnerability {unknown}

Dungeon Overview and Level Annotations

Branches:
Dungeon (1/15)

Altars:


Message History

The quokka bites you but does no damage.
You shoot an arrow. The arrow hits the quokka.
The quokka is almost dead.
The ball python misses you. The ball python barely misses you.
The quokka completely misses you. The ball python closely misses you. x2
The quokka bites you but does no damage.
You shoot an arrow. The arrow closely misses the quokka.
The arrow hits the endoplasm.
The endoplasm is almost dead.
The quokka bites you but does no damage.
The ball python bites you but does no damage.
The ball python grabs you. The ball python constricts you.
You shoot an arrow. The arrow hits the ball python!
You kill the ball python!
The endoplasm freezes you.
You are frozen.
The quokka closely misses you. The quokka bites you.
The endoplasm barely misses you.
You shoot an arrow. The arrow barely misses the quokka.
The quokka bites you but does no damage.
The endoplasm hits you.
You shoot an arrow. The arrow closely misses the quokka.
The quokka misses you. The endoplasm freezes you.
You are frozen.
You shoot an arrow. The arrow misses the quokka.
The quokka bites you. The endoplasm freezes you.
You are frozen.
The quokka barely misses you.
You shoot an arrow. The arrow closely misses the quokka.
The endoplasm closely misses you.
The quokka bites you but does no damage.
You shoot an arrow. The arrow barely misses the quokka.
The quokka barely misses you. The endoplasm closely misses you.
The quokka closely misses you.
You shoot an arrow. The arrow closely misses the quokka.
The endoplasm barely misses you.
The quokka bites you but does no damage.
The endoplasm freezes you.
You are frozen.
You die...

### ..## ### #########
...##..........J.###
.#.............r@..######
........ ......%........#
......## ...........###.#
......# .####......#
#.##### ......# ######.#
#.%...# ......##. ^...
#####.### ......... .....
..#...# ..########
#.........###.###.##
..........
..............#....#


You could see an endoplasm and a quokka.

Vanquished Creatures
  3 ball pythons (D:1)
  3 endoplasms (D:1)
  4 hobgoblins (D:1)
  2 quokkas (D:1)
  2 bats (D:1)
  A frilled lizard (D:1)
15 creatures vanquished.

Notes
Turn   | Place    | Note
-------+----------+-------------------------------------------
     0 | D:1      | qw the Gargoyle Hunter began the quest for the Orb.
     0 | D:1      | Reached XP level 1. HP: 12/12 MP: 1/1
     0 | D:1      | 0 ||| qw: Version: 0.2-a-123-gb51047a
     0 | D:1      | 0 ||| qw: Game counter: 3780
     0 | D:1      | 0 ||| qw: Always use a shield: true
     0 | D:1      | 0 ||| qw: God list: Okawaru
     0 | D:1      | 0 ||| qw: Allow faded altars: false
     0 | D:1      | 0 ||| qw: Do Orc after D:15 true
     0 | D:1      | 0 ||| qw: Do second Lair branch before Depths: true
     0 | D:1      | 0 ||| qw: Lair rune preference: random
     0 | D:1      | 0 ||| qw: Plans: Normal, Zot:1-4, Slime:5, God:TSO, Crypt,
                  | Tomb, Abyss, Pan, Hells, Win
     0 | D:1      | 0 ||| PLANNING D:1-11
    97 | D:1      | Found a faded altar of an unknown god.
   140 | D:1      | Reached XP level 2. HP: 6/17 MP: 2/2
   421 | D:1      | HP: 2/17 [frozen (3)]
   424 | D:1      | Frozen to death by an endoplasm

Levels and vault maps discovered:
D:1:      nicolae_arrival_somewhat_less_tricky_arrival, layout_basic,
          dreamdust_ecumenical_altar_grove, due_unseen_surprise

Action                     || total
---------------------------++-------
   Fire: Shortbow          ||    69
 Armour: Leather armour    ||    16
  Dodge: Dodged            ||    38

Table legend:
 A = Non-vault XP
 B = Vault XP
 C = Vault XP percentage of total XP
 D = Non-vault monster count
 E = Vault monster count
 F = Vault count percentage of total count
                 A         B        C        D         E       F
            +---------+---------+-------+---------+---------+-------
      Total |      26 |       0 |   0.0 |      15 |       0 |   0.0
            +---------+---------+-------+---------+---------+-------
        D:1 |      26 |       0 |   0.0 |      15 |       0 |   0.0
            +---------+---------+-------+---------+---------+-------
